 Dungeon Crawl Stone Soup version 0.31.0-11-ge490571c62 (webtiles) character file.

Game seed: 11475807007350556509

132 qw the Skirmisher (level 4, 0/25 HPs)
             Began as a Deep Elf Hunter on Feb 4, 2024.
             Killed from afar by an orc wizard (8 damage)
             ... with a magic dart
             ... on level 3 of the Dungeon.
             The game lasted 00:00:07 (1803 turns).

qw the Skirmisher (Deep Elf Hunter)                 Turns: 1803, Time: 00:00:07

Health: 0/25       AC:  6    Str: 16    XL:     4   Next: 92%
Magic:  6/6        EV: 11    Int: 14    God:
Gold:   88         SH:  0    Dex: 18    Spells: 3/3 levels left

rFire   + . .        a - +0 shortbow
rCold   . . .        (shield currently unavailable)
rNeg    . . .        b - +0 ring mail
rPois   +            (no helmet)
rElec   .            g - +0 cloak {rPois}
rCorr   .            (no gloves)
SInv    .            (no boots)
Will    .....        (no amulet)
Stlth   +            k - ring of protection from fire
HPRegen 0.24/turn    m - +6 ring of strength
MPRegen 0.10/turn

%: no passive effects
@: no status effects
A: no striking features
a: no special abilities


You were on level 3 of the Dungeon.
You visited 1 branch of the dungeon, and saw 3 of its levels.

You collected 88 gold pieces.


   Skills:
 - Level 1.5 Fighting
 + Level 8.3 Ranged Weapons
 - Level 2.4 Dodging
 - Level 1.2 Stealth


You had 3 spell levels left.
You didn't know any spells.
Your spell library was empty.

Inventory:

Hand Weapons
 a - a +0 shortbow (weapon)
Armour
 b - a +0 ring mail (worn)
 g - a +0 cloak of poison resistance (worn)
Jewellery
 k - a ring of protection from fire (left hand)
 m - a +6 ring of strength (right hand)
Potions
 d - a potion of haste
 h - a potion of mutation {unknown}
 i - a potion of heal wounds

Dungeon Overview and Level Annotations

Branches:
Dungeon (3/15)

Altars:


Message History

The arrow hits the orc but does no damage.
The orc is severely wounded.
The orc wizard misses you. The orc hits you with a +0 hand axe.
You shoot an arrow. The arrow hits the orc.
The orc is almost dead.
The orc wizard barely misses you. The orc hits you with a +0 hand axe.
An orc comes into view. It is wielding a +0 hand axe.
You shoot an arrow. The arrow closely misses the orc.
An endoplasm comes into view.
An orc priest comes into view. It is wielding a +0 short sword.
An orc comes into view.
It is wielding a +1 short sword of electrocution.
The orc hits you with a +0 hand axe.
1793 ||| RETREEEEATING.
The orc shouts!
You hear a shout!
The orc attacks as it pursues you! The orc hits you with a +0 hand axe.
1794 ||| RETREEEEATING.
The endoplasm quivers.
The orc wizard attacks as it pursues you!
The orc wizard misses you.
1795 ||| RETREEEEATING.
The orc wizard gestures at you while chanting.
The magic dart hits you.
1796 ||| RETREEEEATING.
You start resting.
An orc wizard is nearby!
You shoot an arrow. The arrow barely misses the orc wizard.
You shoot an arrow. The arrow hits the orc wizard!
The orc wizard is severely wounded.
You shoot an arrow. The arrow closely misses the orc.
The orc wizard closely misses you. The orc closely misses you.
You shoot an arrow. The arrow barely misses the orc.
The orc wizard hits you with a +0 dagger.
The orc hits you but does no damage.
You shoot an arrow. The arrow closely misses the orc.
The orc wizard closely misses you. The orc barely misses you.
You shoot an arrow. The arrow hits the orc!
You kill the orc!
The orc wizard gestures at you while chanting.
The magic dart hits you!
You die...

######### #........
#....>...
#####........
###............
#o)o.####..#####
###.#@..##.......#
##oo.#.#.##.......#
#oo###.#..#<......#
......o##
#.<#...%.:...#
#####J#
##.##........#####
..)
#.##.........<%..
.$#.
...............^.
..o..
).................
.). .
.....##+#..#####.P


You could see an orc wizard and an orc.

Vanquished Creatures
  An orc wizard (D:1)
  4 gnolls (D:2)
  2 adders (D:2)
  2 dart slugs (D:1)
  5 orcs
  5 ball pythons
  3 bats
  An endoplasm (D:2)
  4 goblins
  6 hobgoblins
  2 jackals (D:1)
  4 kobolds
  A quokka (D:1)
  3 frilled lizards
  3 rats
46 creatures vanquished.

Notes
Turn   | Place    | Note
-------+----------+-------------------------------------------
     0 | D:1      | qw the Deep Elf Hunter began the quest for the Orb.
     0 | D:1      | Reached XP level 1. HP: 12/12 MP: 3/3
     0 | D:1      | 0 ||| qw: Version: 0.3-a-160-g6735b56
     0 | D:1      | 0 ||| qw: Game counter: 5311
     0 | D:1      | 0 ||| qw: Melee chars always use a shield: true
     0 | D:1      | 0 ||| qw: God list: Okawaru
     0 | D:1      | 0 ||| qw: Allow faded altars: false
     0 | D:1      | 0 ||| qw: Do Orc after clearing Dungeon:15 true
     0 | D:1      | 0 ||| qw: Do second Lair branch before Depths: true
     0 | D:1      | 0 ||| qw: Lair rune preference: random
     0 | D:1      | 0 ||| qw: Goals: Normal
     0 | D:1      | 0 ||| PLANNING D:1-11
   161 | D:1      | Reached XP level 2. HP: 16/16 MP: 4/4
   171 | D:1      | Reached skill level 6 in Ranged Weapons
   644 | D:1      | Reached XP level 3. HP: 20/20 MP: 5/5
   695 | D:1      | 695 ||| UPGRADING to +0 cloak of poison resistance.
   700 | D:1      | 700 ||| DROPPING ring of wizardry.
   701 | D:1      | 701 ||| UPGRADING to ring of protection from fire.
   702 | D:1      | 702 ||| READING 4 scrolls labelled WUGIAL VIEGRER.
   703 | D:1      | 703 ||| READING 2 scrolls labelled ETZOTI OTZAB.
   704 | D:1      | 704 ||| READING scroll labelled UCIBUESACONI.
   805 | D:1      | 805 ||| DROPPING scroll of butterflies.
   806 | D:1      | 806 ||| DROPPING 3 scrolls of noise.
   807 | D:1      | 807 ||| DROPPING scroll of blinking.
   864 | D:2      | 864 ||| DRINKING fuming silvery potion.
   865 | D:2      | 865 ||| DRINKING orange potion.
   884 | D:2      | 884 ||| FLEEEEING.
   885 | D:2      | 885 ||| FLEEEEING.
   886 | D:2      | 886 ||| FLEEEEING.
   888 | D:2      | 888 ||| FLEEEEING.
   889 | D:2      | 889 ||| FLEEEEING.
   890 | D:2      | 890 ||| FLEEEEING.
   892 | D:2      | 892 ||| FLEEEEING.
   893 | D:2      | 893 ||| FLEEEEING.
   894 | D:2      | 894 ||| STAIRDANCE
   939 | D:2      | 939 ||| STAIRDANCE
   943 | D:1      | Reached skill level 7 in Ranged Weapons
   999 | D:2      | Reached XP level 4. HP: 25/25 MP: 6/6
  1362 | D:2      | Reached skill level 8 in Ranged Weapons
  1706 | D:2      | 1706 ||| UPGRADING to +0 ring mail.
  1716 | D:2      | 1716 ||| DROPPING +0 leather armour.
  1717 | D:2      | 1717 ||| UPGRADING to +6 ring of strength.
  1718 | D:2      | 1718 ||| READING scroll labelled NUCVUUSHRAJAU.
  1719 | D:2      | 1719 ||| READING scroll labelled EHANLUCUAQ.
  1720 | D:2      | 1720 ||| READING scroll labelled DILONE MAYT.
  1721 | D:2      | 1721 ||| READING scroll labelled SIVACU VEYN.
  1721 | D:2      | 1721 ||| IDENTIFYING viscous amethyst potion
  1793 | D:3      | 1793 ||| RETREEEEATING.
  1794 | D:3      | 1794 ||| RETREEEEATING.
  1795 | D:3      | 1795 ||| RETREEEEATING.
  1796 | D:3      | 1796 ||| RETREEEEATING.
  1803 | D:3      | Killed from afar by an orc wizard

Levels and vault maps discovered:
D:1:      mainiacjoe_arrival_reflecting_pool, layout_loops_ring
D:2:      layout_basic
D:3:      corexii_shack_village, layout_rooms, nicolae_tso_carved_into_rock,
          uniq_terence

Skill      XL: |  1  2  3  4 |
---------------+-------------+-----
Ranged Weapons | 6 7 8 |  8.3
Fighting       | |  1.5
Dodging        | |  2.4
Stealth        | |  1.2

Action                     |  1- 3 |  4- 6 || total
---------------------------+-------+-------++-------
   Fire: Shortbow          |    95 |    72 ||   167
    Use: Scroll            |     3 |     4 ||     7
         Potion            |     2 |       ||     2
 Armour: Leather armour    |    26 |    13 ||    39
         Ring mail         |       |    12 ||    12
  Dodge: Dodged            |    25 |    23 ||    48

Table legend:
 A = Non-vault XP
 B = Vault XP
 C = Vault XP percentage of total XP
 D = Non-vault monster count
 E = Vault monster count
 F = Vault count percentage of total count
                 A         B        C        D         E       F
            +---------+---------+-------+---------+---------+-------
      Total |     192 |       0 |   0.0 |      46 |       0 |   0.0
            +---------+---------+-------+---------+---------+-------
        D:1 |      77 |       0 |   0.0 |      24 |       0 |   0.0
        D:2 |     104 |       0 |   0.0 |      16 |       0 |   0.0
        D:3 |      11 |       0 |   0.0 |       6 |       0 |   0.0
            +---------+---------+-------+---------+---------+-------
